 Dungeon Crawl Stone Soup version 0.24.0-13-gcf9b3192b9 (webtiles) character file.

Game seed: 11712744269664165692, levelgen mode: deterministic

91 PentaManta the Sneak (level 4, -8/22 HPs)
             Began as a Spriggan Assassin on Nov 10, 2019.
             Mangled by an iguana (11 damage)
             ... on level 3 of the Dungeon.
             The game lasted 00:04:09 (2461 turns).

PentaManta the Sneak (Spriggan Assassin)            Turns: 2461, Time: 00:04:09

Health: -8/22      AC:  3    Str:  7    XL:     4   Next: 34%
Magic:  5/5        EV: 20    Int: 12    God:
Gold:   176        SH:  0    Dex: 18    Spells: 3/3 levels left

rFire    . . .     SeeInvis +   a - +2 dagger
rCold    . . .     Gourm    .   (shield restricted)
rNeg     . . .     Faith    .   b - +0 robe
rPois    .         Spirit   .   (helmet restricted)
rElec    .         Reflect  .   c - +0 cloak
rCorr    .         Harm     .   (gloves unavailable)
MR       .....                  (boots unavailable)
Stlth    ++++......             (no amulet)
HPRegen  0.07/turn              (no ring)
MPRegen  0.09/turn              (no ring)

@: very quick
A: very small, unfitting armour, see invisible, herbivore, speed 3, slow
metabolism 2
a: no special abilities


You were on level 3 of the Dungeon.
You were not hungry.

You visited 1 branch of the dungeon, and saw 3 of its levels.

You collected 176 gold pieces.

Inventory:

Hand Weapons
 a - a +2 dagger (weapon)
Armour
 b - a +0 robe (worn)
 c - a +0 cloak (worn)
Jewellery
 i - an uncursed amulet of regeneration {unknown}
 k - an uncursed ring of protection from fire {unknown}
 n - an uncursed ring of stealth {unknown}
Scrolls
 g - a scroll of fog {unknown}
 h - 2 scrolls of identify {unknown}
 l - a scroll of magic mapping {unknown}
 m - 2 scrolls of random uselessness {unknown}
 o - a scroll of enchant weapon {unknown}
 p - 4 scrolls of remove curse {unknown}
 q - a scroll of enchant armour {unknown}
 u - a scroll of immolation {unknown}
Potions
 j - a potion of degeneration {unknown}
 r - 2 potions of agility {unknown}
 s - a potion of heal wounds {unknown}
 t - 2 potions of curing {unknown}
Comestibles
 f - 3 rations


   Skills:
 - Level 1.5 Fighting
 + Level 3.1 Short Blades
 - Level 2.0 Throwing
 * Level 4.5 Dodging
 + Level 6.7 Stealth


You had 3 spell levels left.
You didn't know any spells.
Your spell library was empty.

Dungeon Overview and Level Annotations

Branches:
Dungeon (3/15)

Altars:


Innate Abilities, Weirdness & Mutations

You are very small and have problems with some larger weapons.
You are too small for most types of armour.
You have supernaturally acute eyesight. (SInv)
You are a herbivore.
You cover ground extremely quickly.
You need to consume almost no food.


Message History

You throw a poisoned dart.
The poisoned dart barely misses the iguana.
The iguana looks more healthy.
Throwing (i - inventory)
d - a poisoned dart (quivered)
Press: ? - help, Shift-Dir - straight line, f/p - iguana
Aim: an iguana (severely wounded)
You throw a poisoned dart.
The poisoned dart barely misses the iguana.
The kobold shouts!
The jackal barks!
You hit the kobold but do no damage. The kobold hits you.
* * * LOW HITPOINT WARNING * * *
You hit the kobold.
The kobold is moderately wounded.
The jackal closely misses you.
You closely miss the kobold.
The kobold is moderately wounded.
The jackal barely misses you. The kobold closely misses you.
The iguana bites you!
Ouch! That really hurt!
You die...

#..(<....#
#(#....#######.#
#.#.#.#...>....#
#.#.##.#########
#########
#.#.####
....†...# #.#.#
#######.# #.#.#
#.#######h#l#
#........#@.#
#.#######K###
#.# #.# #.# #.#
#.# #.# #.#
#^###
#.#######...#
#...).......#
#.#.#####...#


You could see an iguana, a jackal and a kobold.

Vanquished Creatures
  A gnoll (D:2)
  An adder (D:2)
  2 dart slugs
  2 leopard geckos
  An orc (D:3)
  6 bats
  3 giant cockroaches
  8 goblins
  8 hobgoblins
  4 jackals
  2 quokkas (D:3)
  4 frilled lizards
  5 kobolds
  17 rats
64 creatures vanquished.

Notes
Turn   | Place    | Note
-------+----------+-------------------------------------------
     0 | D:1      | PentaManta the Spriggan Assassin began the quest for the
                  | Orb.
     0 | D:1      | Reached XP level 1. HP: 10/10 MP: 2/2
   180 | D:1      | Reached skill level 6 in Stealth
   225 | D:1      | Reached XP level 2. HP: 13/14 MP: 3/3
   633 | D:2      | Reached XP level 3. HP: 2/18 MP: 4/4
  1752 | D:3      | Reached XP level 4. HP: 20/22 MP: 5/5
  2461 | D:3      | Mangled by an iguana

Levels and vault maps discovered:
D:1:      onia_arrival_pyramid, layout_rooms, bh_walls_and_bars
D:2:      layout_loops_corners, st_stairs_10
D:3:      layout_loops_ring

Skill      XL: |  1  2  3 |
---------------+----------+-----
Dodging        | 2 3 4 |  4.5
Stealth        | 6 |  6.7
Short Blades   | 3 |  3.1
Fighting       | |  1.5
Throwing       | |  2.0

Action                   |  1- 3 |  4- 6 || total
-------------------------+-------+-------++-------
Melee: Dagger            |   127 |    56 ||   183
Throw: Dart              |     2 |     9 ||    11
 Stab: Sleeping          |    13 |     8 ||    21
       Distracted        |     1 |     2 ||     3
Armor: Robe              |     7 |     1 ||     8
Dodge: Dodged            |    83 |    44 ||   127
